 Dungeon Crawl Stone Soup version 0.28-a0-655-g4eb62b627b (webtiles) character file.

Game seed: 7309698932527600643

4884 porpoise the Thaumaturge (level 10, -6/56 HPs)
             Began as a Deep Elf Conjurer on Oct 13, 2021.
             Was a Follower of Vehumet.
             Killed by refrigeration
             ... invoked by Fannar
              (19 damage)
             ... on level 10 of the Dungeon.
             The game lasted 00:47:16 (15140 turns).

porpoise the Thaumaturge (Deep Elf Conjurer)       Turns: 15140, Time: 00:47:17

Health: -6/56      AC:  8    Str:  7    XL:     10   Next: 26%
Magic:  26/37      EV: 16    Int: 24    God:    Vehumet [*.....]
Gold:   311        SH:  0    Dex: 13    Spells: 19/33 levels left

rFire   . . .      SeeInvis .   b - +1 hunting sling
rCold   . . .      Faith    .   (no shield)
rNeg    . . .      Spirit   .   G - +2 robe {Will+}
rPois   .          Reflect  .   (no helmet)
rElec   .          Harm     .   M - +0 cloak
rCorr   .          Rampage  .   D - +0 pair of gloves
Will    ++...                   o - +1 pair of boots
Stlth   ++........              (no amulet)
HPRegen 0.18/turn               h - +4 ring of evasion
MPRegen 0.25/turn               l - ring of magical power

@: no status effects
A: no striking features
a: Renounce Religion


You were on level 10 of the Dungeon.
You worshipped Vehumet.
Vehumet was aware of your devotion.
You visited 2 branches of the dungeon, and saw 11 of its levels.

You collected 645 gold pieces.
You spent 334 gold pieces at shops.

Inventory:

Hand Weapons
 a - a +0 short sword of venom
 b - a +1 hunting sling (weapon)
Missiles
 e - 2 throwing nets
 f - 257 stones
 q - 19 poisoned darts
 s - 6 javelins
 w - 2 atropa-tipped darts
 H - 47 sling bullets (quivered ammo)
 L - 3 silver boomerangs
 O - a curare-tipped dart
Armour
 o - a +1 pair of boots (worn)
 p - +0 steam dragon scales
 D - a +0 pair of gloves (worn)
 G - a +2 robe of willpower (worn)
 M - a +0 cloak (worn)
Magical Staves
 R - a staff of poison
Jewellery
 h - a +4 ring of evasion (left hand)
 i - an amulet of faith
 l - a ring of magical power (right hand)
 F - a +4 ring of evasion
 K - the ring of the Enemy {rN+ SInv}
   (You found it on level 7 of the Dungeon)

   [ring of see invisible]

   rN:        It protects you from negative energy.
   SInv:      It lets you see invisible.
 P - a +6 ring of dexterity
 S - a ring of protection from cold
Wands
 v - a wand of flame (12)
 x - a wand of mindburst (31)
 y - a wand of polymorph (12)
 C - a wand of paralysis (7)
 I - a wand of iceblast (6)
 Q - a wand of acid (7)
Scrolls
 c - 3 scrolls of teleportation
 j - 7 scrolls of amnesia
 r - a scroll of fear
 E - 2 scrolls of blinking
 N - 2 scrolls of enchant weapon
 T - 2 scrolls of enchant armour
Potions
 d - a potion of resistance
 g - 3 potions of heal wounds
 k - a potion of cancellation
 m - 2 potions of flight
 n - 6 potions of curing
 t - a potion of ambrosia
 u - 4 potions of might
 z - a potion of lignification
 A - 2 potions of berserk rage
 B - 2 potions of brilliance
 J - a potion of magic {unknown}


   Skills:
 + Level 3.0 Fighting
 - Level 2.4 Dodging
 - Level 2.4 Stealth
 - Level 12.0 Spellcasting
 - Level 7.0 Conjurations
 - Level 7.0 Hexes
 + Level 6.6 Translocations
 - Level 7.0 Earth Magic


You had 19 spell levels left.
You knew the following spells:

 Your Spells              Type           Power      Damage    Failure   Level
a - Sandblast             Erth           96%        2d20      1%          1
b - Searing Ray           Conj           96%        2d7       1%          2
c - Fulminant Prism       Conj/Hex       24%        3d13      2%          4
d - Iskenderun's Mystic   Conj/Tloc      47%        2d10      2%          4
s - Stone Arrow           Conj/Erth      96%        3d13      1%          3

Your spell library contained the following spells:

 Spells                   Type           Power      Damage    Failure   Level
 Shock                    Conj/Air       100%       1d9       1%          1
 Magic Dart               Conj           100%       1d8       1%          1
 Passwall                 Tmut/Erth      25%        N/A       1%          2
 Dazzling Flash           Conj/Hex       96%        N/A       1%          3
 Inner Flame              Hex/Fire       31%        N/A       3%          3
 Hailstorm                Conj/Ice       31%        3d8       10%         4
 Call Canine Familiar     Summ           14%        N/A       13%         3
 Ice Form                 Ice/Tmut       14%        N/A       38%         4
 Simulacrum               Ice/Necr       7%         N/A       100%        6


Dungeon Overview and Level Annotations

Branches:
Dungeon (10/15)            Temple (1/1) D:4            Lair (0/6) D:9
    Orc (0/2) D:9

Altars:
Ashenzari
Cheibriados
Dithmenos
Elyvilon
Fedhas
Gozag
Hepliaklqana
Makhleb
Nemelex Xobeh
Okawaru
Qazlal
Ru
Sif Muna
Trog
Uskayaw
Vehumet
Wu Jian
Xom
Yredelemnul
Zin
The Shining One
Beogh

Shops:
D:4 :*:=   D:8 *   D:9 ?   D:10 ?

Annotations:
D:10 Fannar


Message History

Found Tonyesk's Magic Scroll Shop.
Found a stone staircase leading down.
There is a stone staircase leading up here.
Fannar is nearby!
Casting: Stone Arrow (safe; 1% risk of failure)
Confirm with . or Enter, or press ? or * to list all spells.
Aiming: Stone Arrow (safe; 1% risk of failure)
Press: ? - help, Shift-Dir - straight line, f - Fannar
Aim: Fannar, wielding a staff of cold and wearing a +2 robe of cold resistance (60% to hit)
The stone arrow hits Fannar!
Fannar is moderately wounded.
Fannar gestures at you while chanting. The bolt of cold hits you!!
Casting: Stone Arrow (safe; 1% risk of failure)
Confirm with . or Enter, or press ? or * to list all spells.
Aiming: Stone Arrow (safe; 1% risk of failure)
Press: ? - help, Shift-Dir - straight line, f/p - Fannar
Aim: Fannar, wielding a staff of cold and wearing a +2 robe of cold resistance (moderately wounded, 60% to hit)
The stone arrow hits Fannar!
Fannar is moderately wounded.
Fannar casts a spell.
Casting: Stone Arrow (safe; 1% risk of failure)
Confirm with . or Enter, or press ? or * to list all spells.
Aiming: Stone Arrow (safe; 1% risk of failure)
Press: ? - help, Shift-Dir - straight line, f/p - Fannar
Aim: Fannar, wielding a staff of cold and wearing a +2 robe of cold resistance (moderately wounded, 60% to hit)
The stone arrow hits Fannar!!
Fannar is severely wounded.
Fannar gestures wildly while chanting.
Fannar drains the heat from the surrounding environment!
* * * LOW HITPOINT WARNING * * *
Casting: Stone Arrow (safe; 1% risk of failure)
Confirm with . or Enter, or press ? or * to list all spells.
Aiming: Stone Arrow (safe; 1% risk of failure)
Press: ? - help, Shift-Dir - straight line, f/p - Fannar
Aim: Fannar, wielding a staff of cold and wearing a +2 robe of cold resistance (severely wounded, 60% to hit)
The stone arrow hits Fannar.
Fannar is severely wounded.
Fannar casts a spell.
Fannar drains the heat from the surrounding environment!
You die...

## ## #. . ##
##.#...##
#..8#8.8##
####.^..Ye..#
#.....@.∩.>.#
#.....!.....#
.......8.8#8##
.......(..# #
.#........#
#........#
##########


You could see Fannar and an ice beast (summoned).

Vanquished Creatures
  A wyvern (D:7)
  2 steam dragons
  3 vampire mosquitoes (D:8)
  4 orc warriors (D:9)
  A hornet zombie (D:5)
  An ice beast (D:7)
  5 centaurs
  A phantom (D:5)
  3 kobold brigands
  3 bullfrogs
  2 scorpions
  A wyvern zombie (D:3)
  A wyvern skeleton (D:7)
  11 killer bees
  3 water moccasin skeletons
  17 wights
  3 howler monkeys
  2 centaur zombies
  5 orc priests
  Crazy Yiuf (D:7)
  2 centaur skeletons (D:6)
  A gnoll shaman (D:6)
  4 hounds
  A jelly (D:5)
  A bullfrog skeleton (D:5)
  4 iguanas
  8 orc wizards
  3 gnolls (D:6)
  4 adders
  An ufetubus (D:4)
  An adder skeleton (D:4)
  3 worms
  7 dart slugs
  24 orcs
  9 endoplasms
  5 giant cockroaches
  11 goblins
  8 hobgoblins
  11 jackals
  3 quokkas
  9 ball pythons
  8 bats
  A frilled lizard (D:3)
  14 kobolds
  6 rats
219 creatures vanquished.

Vanquished Creatures (others)
  19 fulminant prisms
  4 fungi (D:9)
  6 plants (D:9)
29 creatures vanquished.

Grand Total: 248 creatures vanquished

Notes
Turn   | Place    | Note
-------+----------+-------------------------------------------
     0 | D:1      | porpoise the Deep Elf Conjurer began the quest for the Orb.
     0 | D:1      | Reached XP level 1. HP: 10/10 MP: 6/6
   209 | D:1      | Found a faded altar of an unknown god.
   232 | D:1      | Reached XP level 2. HP: 15/15 MP: 3/8
   236 | D:1      | Learned a level 2 spell: Searing Ray
   852 | D:1      | Reached skill level 4 in Spellcasting
   909 | D:1      | Reached XP level 3. HP: 19/19 MP: 8/10
   939 | D:1      | Reached skill level 5 in Conjurations
  1496 | D:2      | Learned a level 3 spell: Stone Arrow
  2067 | D:2      | Reached skill level 1 in Earth Magic
  2454 | D:3      | Reached XP level 4. HP: 24/24 MP: 12/12
  2791 | D:3      | Reached skill level 5 in Spellcasting
  2943 | D:3      | Learned a level 4 spell: Fulminant Prism
  2947 | D:3      | Reached XP level 5. HP: 28/28 MP: 14/14
  3641 | D:3      | Reached skill level 6 in Spellcasting
  4020 | D:3      | Learned a level 4 spell: Iskenderun's Mystic Blast
  4022 | D:3      | Learned a level 1 spell: Sandblast
  4485 | D:4      | Found Ucky's Jewellery Shop.
  4511 | D:4      | Found a staircase to the Ecumenical Temple.
  4522 | D:4      | Reached XP level 6. HP: 31/32 MP: 17/17
  4704 | Temple   | Entered the Ecumenical Temple
  5391 | D:4      | Found Urietoc's Assorted Antiques.
  5401 | D:4      | Bought a blue potion for 21 gold pieces
  5401 | D:4      | Bought a scroll labelled LUN KONTOCUTED for 24 gold pieces
  5401 | D:4      | Bought a sapphire potion for 21 gold pieces
  5401 | D:4      | Bought a scroll labelled LITAIT RIMIUDGH for 24 gold pieces
  5401 | D:4      | Bought an emerald potion for 21 gold pieces
  5401 | D:4      | Bought a brass wand for 96 gold pieces
  5578 | D:4      | Found Guperpho's Book Boutique.
  5701 | D:4      | Reached skill level 7 in Spellcasting
  5730 | D:4      | Reached skill level 1 in Hexes
  5900 | D:4      | Found Oletim's Book Shop.
  6063 | D:5      | Entered Level 5 of the Dungeon
  6097 | D:5      | Reached XP level 7. HP: 36/36 MP: 15/19
  6102 | D:5      | Reached skill level 5 in Earth Magic
  6648 | D:5      | Got the Collected Works on the Escort and Fire
  6799 | D:5      | Reached skill level 8 in Spellcasting
  6982 | D:5      | Reached skill level 5 in Hexes
  7632 | D:5      | Reached XP level 8. HP: 30/41 MP: 16/22
  7930 | D:6      | Reached skill level 9 in Spellcasting
  8127 | D:6      | Found an ornate altar of the Wu Jian Council.
  8428 | D:6      | Reached skill level 1 in Translocations
  8528 | D:6      | Found a glowing silver altar of Zin.
  8656 | D:6      | Found a hide-covered altar of Uskayaw.
  9770 | D:7      | Found a broken altar of Ashenzari.
  9940 | D:7      | Reached skill level 10 in Spellcasting
 10105 | D:7      | Found a stormy altar of Qazlal.
 10133 | D:7      | Identified the ring of the Enemy {rN+ SInv}
 10225 | D:7      | Reached XP level 9. HP: 40/45 MP: 19/25
 10228 | D:7      | Reached skill level 5 in Translocations
 10933 | D:7      | Found a runed translucent door.
 10934 | D:7      | Noticed Crazy Yiuf
 11024 | D:7      | Killed Crazy Yiuf
 11278 | D:8      | Reached skill level 11 in Spellcasting
 11799 | D:8      | Found a hazy altar of Hepliaklqana.
 12077 | D:8      | Found a snail-covered altar of Cheibriados.
 12116 | D:8      | Found a bloodstained altar of Trog.
 12118 | D:8      | Found a white marble altar of Elyvilon.
 12118 | D:8      | Found a radiant altar of Vehumet.
 12119 | D:8      | Found a sparkling altar of Nemelex Xobeh.
 12126 | D:8      | Became a worshipper of Vehumet
 12151 | D:8      | Found Tooloawo's Lightly-Used Armoury.
 12251 | D:8      | Reached skill level 12 in Spellcasting
 13718 | D:9      | Reached skill level 1 in Fighting
 13762 | D:9      | Found a staircase to the Orcish Mines.
 13776 | D:9      | Reached * piety under Vehumet
 13776 | D:9      | Offered knowledge of Shock by Vehumet.
 13780 | D:9      | Reached XP level 10. HP: 42/52 MP: 27/28
 14079 | D:9      | Found a staircase to the Lair.
 14372 | D:9      | Found Pecay's Magic Scroll Emporium.
 14377 | D:9      | Bought a scroll of blinking for 127 gold pieces
 14974 | D:9      | Found a shimmering altar of Xom.
 15071 | D:9      | Noticed a two-headed ogre
 15136 | D:10     | Entered Level 10 of the Dungeon
 15136 | D:10     | Noticed Fannar
 15136 | D:10     | Found Tonyesk's Magic Scroll Shop.
 15140 | D:10     | Killed from afar by Fannar

Illustrated notes

Levels and vault maps discovered:
D:1:      erik_arrival_blinker_ship, layout_basic,
          hellmonk_ecumenical_altar_leap_of_faith
D:2:      layout_loops_ring
D:3:      minmay_spotlight, layout_loops_corners
D:4:      layout_basic, minmay_temple_entry_statues, serial_shops, shop,
          nicolae_shop_trees, nicolae_stop_n_shop_1, nicolae_shop_stone
D:5:      layout_basic
D:6:      layout_loops_ring, nicolae_overflow_crystal_walls,
          lemuel_crystal_altar, nicolae_overflow_hidden_temple
D:7:      layout_loops_ring, grunt_qazlal_clouds, evilmike_ruin_ashenzari,
          uniq_crazy_yiuf_cottage
D:8:      layout_loops_ring, chei_slow_surprise,
          mainiacjoe_overflow_concentric_impassable,
          chequers_temple_overflow_statue_of_worship, minmay_shop_damaged
D:9:      minmay_evil_eye, layout_loops_ring, marbit_many_paths,
          dpeg_oklobed_lair, minmay_orc_entry_temple_small, serial_shops,
          kennysheep_little_box, corexii_checkpoint_a, kennysheep_big_empty_room
D:10:     layout_rooms, old_standard_altar, serial_shops, nicolae_stop_n_shop_2,
          uniq_fannar, uniq_urug
Temple:   jpeg_temple_island

Skill      XL: |  1  2  3  4  5  6  7  8  9 10 |
---------------+-------------------------------+-----
Spellcasting   | 4 5 6 7 8 10 12 | 12.0
Conjurations   | 5 7 |  7.0
Earth Magic    | 1 2 3 4 5 7 |  7.0
Hexes          | 2 5 7 |  7.0
Translocations | 4 5 6 |  6.6
Fighting       | 1 3 |  3.0
Dodging        | |  2.4
Stealth        | |  2.4

Action                   |  1- 3 |  4- 6 |  7- 9 | 10-12 || total
-------------------------+-------+-------+-------+-------++-------
Melee: Unarmed           |     1 |       |       |       ||     1
 Fire: Hunting sling     |       |    30 |    82 |     7 ||   119
Throw: Dart              |       |    13 |       |       ||    13
 Cast: Magic Dart        |    72 |    17 |       |       ||    89
       Searing Ray       |     5 |    25 |    38 |    13 ||    81
       Sandblast         |       |    19 |    15 |       ||    34
       Stone Arrow       |       |     3 |    33 |     7 ||    43
       Fulminant Prism   |       |       |    18 |     1 ||    19
       Iskenderun's Myst |       |       |     4 |    11 ||    15
  Use: Scroll            |       |     1 |    12 |     7 ||    20
Armor: Robe              |     2 |     1 |    15 |     2 ||    20
Dodge: Dodged            |     5 |    20 |    52 |    15 ||    92

Table legend: (Time is in decaauts)
 A = Elapsed time spent in this place.
 B = Non-inter-level travel time spent in this place.
 C = Inter-level travel time spent in this place.
 D = Time resting spent in this place.
 E = Time spent auto-exploring this place.
 F = Levels seen in this place.
 G = Mean time per level.
                   A        B        C        D        E       F      G
               +--------+--------+--------+--------+--------+-----+--------+
         Total |  15201 |  14692 |    509 |   7779 |   5647 |  11 | 1381.9 |
       Dungeon |  14930 |  14436 |    494 |   7779 |   5397 |  10 | 1493.0 |
        Temple |    270 |    256 |     14 |      0 |    250 |   1 |  270.0 |
               +--------+--------+--------+--------+--------+-----+--------+

Top non-repeatable levels by time:
     D:7: 2169 daAuts
     D:8: 2127 daAuts
     D:3: 2120 daAuts
     D:9: 1801 daAuts
     D:5: 1769 daAuts
     D:4: 1330 daAuts
     D:1: 1240 daAuts
     D:2: 1212 daAuts
     D:6: 1156 daAuts
  Temple: 270 daAuts
    D:10: 3 daAuts
